 Dungeon Crawl Stone Soup version 0.16.1-11-g651b585 (webtiles) character file.

162 Nihil the Sneak (level 5, -2/24 HPs)
             Began as a Spriggan Enchanter on Apr 3, 2015.
             Slain by a river rat (8 damage)
             ... on level 2 of the Dungeon.
             The game lasted 00:05:27 (2157 turns).

Nihil the Sneak (Spriggan Enchanter)                Turns: 2157, Time: 00:05:28

Health: -2/24      AC:  3    Str:  5    XL:     5   Next: 19%
Magic:  1/16       EV: 19    Int: 16    God:
Gold:   44         SH:  0    Dex: 17    Spells: 3 memorised, 5 levels left

rFire  . . .     SeeInvis +     a - +1 dagger
rCold  . . .     Clarity  .     b - +1 robe
rNeg   . . .     SustAb   .     (shield restricted)
rPois  .         Gourm    .     (helmet restricted)
rElec  .         Spirit   .     (no cloak)
rCorr  .         Warding  .     (gloves unavailable)
rMut   .         Stasis   .     (boots unavailable)
MR     .....                    (no amulet)
Stlth  ++++......               (no ring)
                                (no ring)

@: very quick, not resistant to hostile enchantments, stealthy
A: unfitting armour, see invisible, herbivore 3, speed 3, slow metabolism 2
a: no special abilities


You were on level 2 of the Dungeon.
You were not hungry.

You visited 1 branch of the dungeon, and saw 3 of its levels.

You collected 44 gold pieces.

Inventory:

Hand weapons
 a - a +1 dagger (weapon)
Armour
 b - a +1 robe (worn)
Scrolls
 i - a scroll of amnesia
Potions
 e - 2 potions of agility {unknown}
 j - a potion of ambrosia {unknown}
 k - 2 potions of cure mutation
Books
 c - a book of Maledictions

   Spells                             Type                      Level
   a - Corona                         Hexes                        1
   b - Sure Blade                     Hexes/Charms                 2
   c - Ensorcelled Hibernation        Hexes/Ice                    2
   d - Confuse                        Hexes                        3
   e - Dazzling Spray                 Conjuration/Hexes            3
   f - Enslavement                    Hexes                        4
Comestibles
 d - 2 bread rations
 f - a slice of pizza


   Skills:
 + Level 0.2 Fighting
 + Level 1.4 Short Blades
 + Level 4.2 Dodging
 + Level 6.2 Stealth
 + Level 3.4 Spellcasting
 + Level 4.4 Hexes
 + Level 1.1 Ice Magic


You had 5 spell levels left.
You knew the following spells:

 Your Spells              Type           Power        Failure   Level  Hunger
a - Corona                Hex            ###....      3%          1    None
b - Ensorcelled Hibernat  Hex/Ice        ##....       10%         2    ##.....
c - Sure Blade            Hex/Chrm       #.........   12%         2    ##.....


Dungeon Overview and Level Annotations

Branches:
Dungeon (3/15)

Altars:


Innate Abilities, Weirdness & Mutations

You are tiny and cannot use many weapons and most armour.
You have supernaturally acute eyesight.
You are a herbivore.
You cover ground extremely quickly.
You need consume almost no food.


Message History

Confirm with . or Enter, or press ? or * to list all spells.
Aiming: Ensorcelled Hibernation
Press: ? - help, Shift-Dir - straight line, f - ball python
Aim: a ball python (chance 60%)
The ball python looks drowsy...
The helpless ball python fails to defend itself.
You impale the ball python!!
You kill the ball python!
Casting: Ensorcelled Hibernation
Confirm with . or Enter, or press ? or * to list all spells.
You don't have enough magic to cast that spell.
Firing (i - inventory): No suitable missiles.
Press: ? - help, Shift-Dir - straight line, f - river rat
Aim: a river rat
Okay, then.
You hit the river rat but do no damage. The river rat misses you.
You hit the river rat but do no damage. The river rat barely misses you.
You hit the river rat but do no damage. The river rat barely misses you.
You hit the river rat but do no damage. The river rat bites you!
You die...

#.#
##.######.#########..#
#.# #.#
##.#.#........... #.#
#.###.#..#..######...
#.# #.##.###.#..# #..#
#.# #...## ##...# #..#
#.# #..#.###.#..# #..#
#.# #..##.#..#..# #..#
#.####..###.#>#..#
#..#
#......>r@.......#
#...
#######.###.###..#
##.. #.# #.#....# #...
#†# #.#(##.######.#.
#.# #............<#§
#.# ###............§
#.# #..#.#######.. #.#
##..#.#######†# #.#
#..........##.#


You could see a river rat.

Vanquished Creatures
  A giant frog (D:2)
  5 adders
  A giant mite (D:2)
  A giant gecko (D:2)
  2 ball pythons
  7 bats
  3 giant cockroaches
  9 hobgoblins
  6 jackals
  2 kobolds (D:1)
  2 giant newts
  A goblin (D:3)
  4 rats
44 creatures vanquished.

Notes
Turn   | Place    | Note
--------------------------------------------------------------
     0 | D:1      | Nihil, the Spriggan Enchanter, began the quest for the Orb.
     0 | D:1      | Reached XP level 1. HP: 9/9 MP: 4/4
   250 | D:1      | Reached XP level 2. HP: 7/13 MP: 6/8
   365 | D:1      | Learned a level 2 spell: Ensorcelled Hibernation
  1095 | D:2      | Reached skill level 5 in Stealth
  1095 | D:2      | Reached XP level 3. HP: 16/16 MP: 5/11
  1845 | D:2      | Reached XP level 4. HP: 21/21 MP: 10/13
  2013 | D:2      | Learned a level 2 spell: Sure Blade
  2030 | D:3      | Noticed a giant frog
  2134 | D:2      | Killed a giant frog
  2134 | D:2      | Reached skill level 6 in Stealth
  2134 | D:2      | Reached skill level 1 in Ice Magic
  2134 | D:2      | Reached XP level 5. HP: 19/24 MP: 0/16
  2157 | D:2      | Slain by a river rat

Action                   |  1- 3 |  4- 6 || total
-------------------------+-------+-------++-------
Melee: Dagger            |   125 |    18 ||   143
 Cast: Ensorcelled Hiber |    10 |    13 ||    23
  Use: Scroll            |     4 |       ||     4
 Stab: Sleeping          |    14 |     5 ||    19
